AoeStats
← RIO1000

Arabia

509012380Analyzed
1v1 RM · 8d ago on Sep 25, 2026· 51m 58s· 2 players
Game mode
Random Map
Map size
Tiny (2 player)
Population
200
Speed
Normal
Resources
Standard
Victory
Conquest
Starting age
Dark Age
Ending age
Imperial Age
RankedLock teamsTeams togetherTeam positionsShared explorationLock speedFull tech treeHidden civsTurbo modeCheats
Victory
Defeat
🇨🇴 Persians · Colombia
880
+18
🇲🇽 Magyars · Mexico
914
-18
RIO1000
7:38 Loom
10:37 Feudal Age
11:08 Double-Bit Axe
14:09 Horse Collar
21:45 Castle Age
22:38 Bow Saw
23:55 Heavy Plow
23:52 Gold Mining
25:31 Scale Barding Armor
26:43 Chain Barding Armor
28:27 Bloodlines
28:18 Husbandry
28:57 Fletching
33:26 Wheelbarrow
33:29 Gold Shaft Mining
35:14 Hand Cart
34:55 Stone Mining
37:58 Pikeman
38:41 Scale Mail Armor
40:16 Chain Mail Armor
44:37 Imperial Age
43:07 Bodkin Arrow
43:39 Town Watch
44:44 Halberdier
46:04 Plate Barding Armor
45:56 Cavalier
Cid Campeador
9:01 Feudal Age
7:17 Loom
9:40 Double-Bit Axe
9:37 Horse Collar
15:02 Gold Mining
23:34 Castle Age
22:04 Fletching
22:25 Forging
22:18 Stone Mining
25:26 Iron Casting
25:17 Bloodlines
26:24 Bow Saw
26:28 Heavy Plow
27:39 Town Watch
30:30 Pikeman
33:46 Imperial Age
32:10 Murder Holes
32:15 Bodkin Arrow
33:19 Fervor
33:43 Squires
34:14 Heavy Camel Rider
34:55 Husbandry
37:22 Wheelbarrow
38:50 Blast Furnace
40:00 Chemistry
38:31 Light Cavalry
40:32 Halberdier
40:58 Gambesons
43:14 Arson
44:58 Ballistics
44:52 Masonry
45:50 Elite Skirmisher
46:38 Thumb Ring
50:04 Architecture
49:28 Hussar
Connection lost

Rejoining the realm…

Still unreachable

The connection could not be restored.

Session expired

The server has moved on; the page needs a fresh start.